AoeStats
← 🅳🆁🅸🆅🅴🆁

Arena

507988802Analyzed
4v4 RM · 12d ago on Sep 20, 2026· 58m 25s· 8 players
Game mode
Random Map
Map size
Large (8 player)
Population
200
Speed
Normal
Resources
Standard
Victory
Conquest
Starting age
Dark Age
Ending age
Imperial Age
RankedLock teamsTeams togetherTeam positionsShared explorationLock speedFull tech treeHidden civsTurbo modeCheats
Victory
Defeat
🇮🇳 Italians · India
904
+14
🇪🇸 Huns · Spain
857
+16
🇨🇱 Bohemians · Chile
841
+36
🇨🇳 Wei · China
835
+34
🇰🇿 Goths · Kazakhstan
1000
-69
🇰🇿 Spanish · Kazakhstan
948
-57
🇰🇷 Bulgarians · South Korea
847
-30
🇰🇿 Huns · Kazakhstan
643
-10
cef.espinoza02
5:44 Loom
10:28 Feudal Age
21:01 Castle Age
19:11 Horse Collar
23:48 Wheelbarrow
23:19 Heavy Plow
24:00 Town Watch
25:59 Chemistry
29:26 Imperial Age
27:17 Double-Bit Axe
28:19 Bow Saw
33:16 Ballistics
32:42 Arrowslits
36:56 Hand Cart
39:01 Siege Engineers
40:44 Heavy Scorpion
40:44 Houfnice
40:53 Houfnice
44:49 Fortified Wall
49:15 Two-Man Saw
氕氘氚
7:52 Loom
11:30 Feudal Age
12:48 Wheelbarrow
14:12 Horse Collar
21:02 Castle Age
20:40 Double-Bit Axe
21:24 Gold Mining
23:38 Hand Cart
23:39 Heavy Plow
25:40 Thumb Ring
26:09 Bow Saw
27:21 Padded Archer Armor
27:12 Fletching
32:00 Leather Archer Armor
31:41 Bodkin Arrow
32:33 Town Watch
35:55 Imperial Age
34:37 Ballistics
37:36 Ring Archer Armor
37:07 Bracer
37:10 Tuntian
37:33 Conscription
38:18 Parthian Tactics
38:57 Capped Ram
42:57 Siege Ram
48:15 Chemistry
48:26 Ming Guang Armor
47:28 Elite Tiger Cavalry
50:22 Masonry
57:10 Forging
57:06 Scale Barding Armor
iamlegolas312
0:52 Loom
10:32 Feudal Age
11:47 Double-Bit Axe
13:14 Horse Collar
13:32 Gold Mining
22:19 Castle Age
21:17 Stone Mining
23:43 Bow Saw
24:34 Heavy Plow
26:36 Wheelbarrow
27:29 Fervor
27:39 Sanctity
30:34 Imperial Age
28:42 Fletching
28:52 Padded Archer Armor
29:36 Bodkin Arrow
30:21 Leather Archer Armor
30:19 Caravan
30:52 Silk Road
31:40 Conscription
32:39 Chemistry
32:40 Hand Cart
33:34 Town Watch
35:00 Two-Man Saw
33:49 Treadmill Crane
34:04 Murder Holes
34:57 Bracer
35:27 Ring Archer Armor
35:19 Squires
35:07 Arson
35:56 Elite Genoese Crossbowman
41:11 Hoardings
40:47 Forging
40:38 Scale Mail Armor
44:47 Stone Shaft Mining
46:13 Town Patrol
47:06 Iron Casting
46:36 Scale Barding Armor
48:35 Bloodlines
47:47 Cavalier
48:28 Husbandry
49:30 Blast Furnace
50:37 Chain Barding Armor
55:26 Spies/Treason
58:07 Light Cavalry
58:59 Masonry
58:45 Murder Holes
59:12 Ballistics
59:06 Pirotechnia
59:03 Thumb Ring
58:19 Elite Skirmisher
alejandro1995_5
2:50 Loom
10:02 Feudal Age
10:33 Horse Collar
10:45 Double-Bit Axe
15:04 Wheelbarrow
16:10 Wheelbarrow
16:18 Stone Mining
19:45 Castle Age
20:43 Heavy Plow
20:59 Bow Saw
22:24 Gold Mining
23:25 Hand Cart
30:39 Gold Shaft Mining
30:11 Caravan
32:55 Imperial Age
31:17 Ballistics
30:54 Murder Holes
31:11 Fletching
31:23 Padded Archer Armor
31:51 Bloodlines
31:42 Husbandry
32:11 Thumb Ring
32:54 Bodkin Arrow
33:15 Leather Archer Armor
33:53 Guilds
34:13 Conscription
34:34 Parthian Tactics
35:49 Chemistry
35:06 Bracer
36:48 Heavy Cavalry Archer
53:22 Spies/Treason
58:09 Light Cavalry
Askeladd
12:19 Feudal Age
11:40 Loom
14:29 Wheelbarrow
13:41 Town Watch
18:17 Man-at-Arms
20:55 Horse Collar
21:40 Forging
21:34 Scale Mail Armor
21:40 Scale Barding Armor
22:29 Double-Bit Axe
23:13 Fletching
23:25 Gold Mining
29:22 Bloodlines
34:28 Padded Archer Armor
39:26 Castle Age
38:34 Stone Mining
43:11 Caravan
43:48 Coinage
44:32 Hand Cart
44:18 Town Patrol
Whoй
11:14 Feudal Age
13:44 Double-Bit Axe
17:14 Wheelbarrow
16:25 Town Watch
18:46 Man-at-Arms
19:44 Forging
19:35 Scale Mail Armor
21:52 Gold Mining
21:56 Stone Mining
22:29 Horse Collar
26:29 Castle Age
28:34 Bloodlines
28:27 Husbandry
35:32 Fletching
40:34 Scale Barding Armor
44:16 Gambesons
43:51 Long Swordsman
-V- РОЗОВЫЙ НЕЖДАН
10:14 Feudal Age
11:05 Double-Bit Axe
11:02 Horse Collar
16:58 Arson
18:06 Gold Mining
21:02 Castle Age
20:07 Scale Barding Armor
21:16 Bloodlines
21:49 Stone Mining
22:37 Gold Shaft Mining
22:14 Light Cavalry
23:45 Husbandry
24:38 Man-at-Arms
27:00 Murder Holes
29:08 Marauders
30:20 Ballistics
30:27 Town Watch
31:20 Wheelbarrow
30:31 Town Watch
30:32 Loom
31:30 Masonry
33:16 Hand Cart
33:41 Squires
33:02 Pikeman
36:31 Long Swordsman
🅳🆁🅸🆅🅴🆁
10:51 Feudal Age
19:44 Castle Age
18:35 Horse Collar
19:10 Double-Bit Axe
28:50 Gambesons
28:51 Arson
40:01 Stirrups
40:37 Forging
40:28 Scale Mail Armor
Connection lost

Rejoining the realm…

Still unreachable

The connection could not be restored.

Session expired

The server has moved on; the page needs a fresh start.